 Dungeon Crawl Stone Soup version 0.20.1-1-g8b1a95d (webtiles) character file.

773 Irenicus the Geomancer (level 7, -3/55 HPs)
             Began as a Deep Dwarf Earth Elementalist on Oct 27, 2017.
             Slain by an ice beast (13 damage)
             ... on level 6 of the Dungeon.
             The game lasted 00:14:32 (4146 turns).

Irenicus the Geomancer (DDEE)                       Turns: 4146, Time: 00:14:33

Health: -3/55      AC:  3    Str: 12    XL:     7   Next: 53%
Magic:  0/9        EV: 11    Int: 18    God:
Gold:   144        SH:  3    Dex: 15    Spells: 6/12 levels left

rFire    . . .     SeeInvis .   (no weapon)
rCold    . . .     Gourm    .   j - +0 buckler
rNeg     . . .     Faith    .   f - +0 leather armour
rPois    .         Spirit   .   (no helmet)
rElec    .         Reflect  .   (no cloak)
rCorr    .         Harm     .   (no gloves)
MR       +....                  (no boots)
Stlth    ++........             (no amulet)
Regen    0.0/turn               o - +3 ring of intelligence
MPRegen  0.2/turn               (no ring)

@: non-regenerating
A: damage resistance, heal wounds, sense surroundings 1, no regeneration
a: Heal Wounds


You were on level 6 of the Dungeon.
You were not hungry.

You visited 1 branch of the dungeon, and saw 6 of its levels.

You collected 215 gold pieces.
You spent 71 gold pieces at shops.

Inventory:

Missiles
 x - 17 stones (quivered)
Armour
 c - a +0 robe
 f - a +0 leather armour (worn)
 j - a +0 buckler (worn)
Jewellery
 o - a +3 ring of intelligence (left hand)
Wands
 p - a wand of disintegration (11/24)
 w - a wand of acid (6/15)
Scrolls
 a - 2 scrolls of remove curse
 g - a scroll of identify
 i - 3 scrolls of enchant armour {unknown}
 k - a scroll of fog {unknown}
 l - 2 scrolls of amnesia {unknown}
 m - 3 scrolls of fear {unknown}
 n - 4 scrolls of teleportation {unknown}
 t - a scroll of enchant weapon {unknown}
Potions
 h - 2 potions of brilliance
 q - a potion of lignification
 r - 4 potions of invisibility
 s - a potion of haste
 u - a potion of cancellation
Books
 e - a book of Geomancy

   Spells                             Type                      Level
   a - Sandblast                      Earth                        1
   b - Passwall                       Transmutation/Earth          2
   c - Stone Arrow                    Conjuration/Earth            3
   d - Petrify                        Transmutation/Earth          4
   e - Lee's Rapid Deconstruction     Earth                        5
Comestibles
 b - 2 meat rations
 d - 7 bread rations
 v - a royal jelly


   Skills:
 - Level 2.1 Dodging
 - Level 2.4 Stealth
 - Level 0.3 Unarmed Combat
 - Level 3.0 Spellcasting
 - Level 5.0 Conjurations
 - Level 0.8 Transmutations
 + Level 8.0 Earth Magic


You had 6 spell levels left.
You knew the following spells:

 Your Spells              Type           Power        Failure   Level  Hunger
a - Sandblast             Erth           ####..       1%          1    None
b - Passwall              Tmut/Erth      ###.......   9%          2    ##.....
c - Stone Arrow           Conj/Erth      ####..       7%          3    ###....


Dungeon Overview and Level Annotations

Branches:
Dungeon (6/15)
 Temple: D:4-7

Altars:

Shops:
D:5 *


Innate Abilities, Weirdness & Mutations

You are resistant to damage.
You can heal yourself by infusing magical energy.
You passively map a small area around you.
You do not regenerate.


Message History

Confirm with . or Enter, or press ? or * to list all spells.
Aiming: Sandblast
Press: ? - help, Shift-Dir - straight line, f/p - ice beast
Aim: an ice beast (severely wounded)
The blast of sand hits the ice beast.
The ice beast is almost dead.
x - 17 stones The ice beast barely misses you.
Your magical essence is drained by the effort!
You feel much better. The ice beast hits you. The ice beast freezes you!
* * * LOW HITPOINT WARNING * * *
You barely miss the ice beast.
The ice beast is almost dead.
You block the ice beast's attack.
You barely miss the ice beast.
The ice beast is almost dead.
The ice beast hits you.
* * * LOW HITPOINT WARNING * * *
The ice beast freezes you!
You die...

* ### #........# ##### *
##.## #.######.# ....#
##.#.###.# #.#.....# ,
##.....##.#### #.#.....Y, *
,
,,,#.#.......>..###.†.....#
, *
,##.....##.##Y...†......# ,
,, #.....##.#####.......##
, + #.....##.######...####
#.<...##.@Y......##
#.....##########.# * *
#####.# .# , * #.# * +# * *
* .# * , , ** *, ,, * * * *
* , , , , +


You could see an ice beast.

Vanquished Creatures
  Prince Ribbit (D:5)
  A sky beast (D:5)
  A phantom (D:5)
  An ogre (D:5)
  A scorpion (D:6)
  A howler monkey (D:4)
  An iguana (D:6)
  2 worker ants (D:5)
  3 gnolls
  5 adders
  An ooze (D:5)
  An adder zombie (D:5)
  A dart slug (D:1)
  3 leopard geckos
  11 orcs
  8 bats
  3 giant cockroaches (D:1)
  3 goblins
  4 hobgoblins (D:2)
  4 jackals (D:2)
  4 quokkas
  6 frilled lizards
  7 kobolds
  A leopard gecko skeleton (D:4)
  6 rats
80 creatures vanquished.

Notes
Turn   | Place    | Note
-------+----------+-------------------------------------------
     0 | D:1      | Irenicus the Deep Dwarf Earth Elementalist began the quest for the Orb.
     0 | D:1      | Reached XP level 1. HP: 15/15 MP: 3/3
   186 | D:1      | Reached XP level 2. HP: 19/22 MP: 1/4
   308 | D:1      | Reached skill level 5 in Earth Magic
   509 | D:1      | Reached XP level 3. HP: 21/28 MP: 1/5
   810 | D:2      | Reached skill level 6 in Earth Magic
   817 | D:2      | Learned a level 2 spell: Passwall
  1017 | D:2      | Learned a level 3 spell: Stone Arrow
  1172 | D:2      | Reached XP level 4. HP: 25/36 MP: 0/7
  2424 | D:3      | Reached skill level 1 in Conjurations
  2433 | D:3      | Reached XP level 5. HP: 27/42 MP: 0/9
  3050 | D:5      | Entered Level 5 of the Dungeon
  3251 | D:5      | Found Heush's General Store.
  3285 | D:5      | Noticed Prince Ribbit
  3292 | D:5      | Bought 20 stones for 30 gold pieces
  3355 | D:5      | Killed Prince Ribbit
  3355 | D:5      | Reached XP level 6. HP: 18/49 MP: 3/10
  3366 | D:5      | Bought 15 stones for 22 gold pieces
  3366 | D:5      | Bought 13 stones for 19 gold pieces
  3473 | D:5      | Noticed a sky beast
  3476 | D:5      | Killed a sky beast
  3476 | D:5      | Reached skill level 5 in Conjurations
  3492 | D:5      | Reached XP level 7. HP: 14/55 MP: 0/11
  3870 | D:5      | Reached skill level 7 in Earth Magic
  4111 | D:6      | Reached skill level 8 in Earth Magic
  4140 | D:6      | HP: 1/55 [ice beast (11)]
  4146 | D:6      | Slain by an ice beast

Skill      XL: |  1  2  3  4  5  6  7 |
---------------+----------------------+-----
Earth Magic    | 5 6 8 |  8.0
Spellcasting   | 2 3 |  3.0
Conjurations   | 1 4 5 |  5.0
Dodging        | |  2.1
Stealth        | |  2.4
Unarmed Combat | |  0.3
Transmutations | |  0.8

Action                   |  1- 3 |  4- 6 |  7- 9 || total
-------------------------+-------+-------+-------++-------
Melee: Unarmed           |    36 |    42 |     2 ||    80
 Cast: Sandblast         |    43 |    19 |    25 ||    87
       Stone Arrow       |     4 |    36 |     2 ||    42
 Abil: Heal Wounds       |       |       |     2 ||     2
  Use: Potion            |       |     5 |       ||     5
       Scroll            |       |       |     3 ||     3
 Stab: Sleeping          |     1 |       |       ||     1
  Eat: Chunk             |     2 |     9 |     2 ||    13
       Fruit             |       |     3 |       ||     3
Armor: Robe              |    10 |     4 |       ||    14
       Skin              |       |     6 |       ||     6
       Leather armour    |       |     4 |       ||     4
Dodge: Dodged            |    34 |    29 |     6 ||    69
Block: Buckler           |       |       |     2 ||     2
